 Dungeon Crawl Stone Soup version 0.30.1 (webtiles) character file.

Game seed: 16944398778021905761

27892 howech the Cleaver (level 13, -12/114 HPs)
             Began as a Minotaur Berserker on July 5, 2023.
             Was a High Priest of Trog.
             Killed from afar by a rime drake (13 damage)
             ... with an icy flash freeze
             ... on level 5 of the Lair of Beasts.
             The game lasted 00:42:20 (13960 turns).

howech the Cleaver (Minotaur Berserker)            Turns: 13960, Time: 00:42:21

Health: -12/114    AC: 19    Str: 24    XL:     13   Next: 6%
Magic:  12/12      EV:  9    Int:  6    God:    Trog [*****.]
Gold:   703        SH:  5    Dex: 11    Spells: 12/12 levels left

rFire   . . .        a - +2 broad axe (heavy)
rCold   . . .        c - +0 buckler
rNeg    . . .        t - +0 plate armour
rPois   .            (helmet restricted)
rElec   .            K - +0 cloak
rCorr   .            j - +0 pair of gloves
SInv    .            d - +2 pair of boots
Will    +....        (no amulet) Stlth
                     E - +4 ring of slaying
HPRegen 0.39/turn    u - ring of willpower
MPRegen 0.13/turn

%: no passive effects
@: no status effects
A: horns 2, retaliatory headbutt
a: Renounce Religion, Berserk, Trog's Hand, Brothers in Arms


You were on level 5 of the Lair of Beasts.
You worshipped Trog.
Trog was extremely pleased with you.
You visited 4 branches of the dungeon, and saw 15 of its levels.
You also visited: Ossuary.

You collected 747 gold pieces.
You spent 44 gold pieces at shops.

Inventory:

Hand Weapons
 a - a +2 heavy broad axe (weapon)
 b - a +1 broad axe of flaming
 i - a +0 demon whip of venom
 k - a +0 hand axe
 p - the +6 whip "Cudeatti" {drain, Int+3 SInv}
   (You found it on level 2 of the Dungeon)

   Int:       It affects your intelligence (+3).
   SInv:      It lets you see invisible.
 q - the +5 dagger of Destiny {venom, Str+4 Int+3}
   (You took it off a hobgoblin on level 2 of the Dungeon)

   Str:       It affects your strength (+4).
   Int:       It affects your intelligence (+3).
 H - a +3 hand axe of electrocution
Missiles
 g - 61 stones
 n - 15 poisoned darts (quivered)
 F - 14 boomerangs
 R - 3 javelins
Armour
 c - a +0 buckler (worn)
 d - a +2 pair of boots (worn)
 j - a +0 pair of gloves (worn)
 t - a +0 plate armour (worn)
 K - a +0 cloak (worn)
 S - +0 steam dragon scales
 X - a +0 leather armour of poison resistance
Jewellery
 u - a ring of willpower (right hand)
 E - a +4 ring of slaying (left hand)
Wands
 f - a wand of quicksilver (6)
 G - a wand of digging (5)
 I - a wand of charming (6)
 L - a wand of flame (27)
 W - a wand of polymorph (12)
Scrolls
 h - 2 scrolls of teleportation
 l - a scroll of magic mapping {unknown}
 v - 2 scrolls of identify
 x - 2 scrolls of fog {unknown}
 y - 4 scrolls of silence {unknown}
 z - 4 scrolls of enchant armour {unknown}
 A - 2 scrolls of brand weapon {unknown}
 C - 2 scrolls of acquirement {unknown}
 D - 3 scrolls of fear {unknown}
 J - a scroll of enchant weapon {unknown}
 O - 2 scrolls of noise {unknown}
 V - a scroll of summoning {unknown}
Potions
 e - 8 potions of heal wounds
 m - 3 potions of magic
 o - 2 potions of curing
 r - 5 potions of ambrosia
 s - a potion of haste
 w - 4 potions of berserk rage
 B - 2 potions of might
 M - a potion of degeneration {unknown}
 P - 3 potions of flight
 U - a potion of cancellation {unknown}


   Skills:
 + Level 10.3 Fighting
 * Level 14.2(15.7) Axes
 - Level 8.7(12.5) Maces & Flails
 - Level 7.2(11.6) Polearms
 - Level 5.0 Throwing
 + Level 8.0 Armour
 + Level 7.6 Dodging
 + Level 8.1 Shields
 + Level 6.9 Evocations


You had 12 spell levels left.
You didn't know any spells.
Your spell library was empty.

Dungeon Overview and Level Annotations

Branches:
Dungeon (8/15)             Temple (1/1) D:4            Lair (5/5) D:8
 Shoals (0/4) Lair:2       Spider (0/4) Lair:2        Slime (1/5) Lair:4
Ossuary (visited)

Altars:
Ashenzari
Cheibriados
Dithmenos
Elyvilon
Fedhas
Gozag
Hepliaklqana
Kikubaaqudgha
Makhleb
Nemelex Xobeh
Okawaru
Qazlal
Ru
Trog
Uskayaw
Vehumet
Wu Jian
Xom
Yredelemnul
Zin
The Shining One

Shops:
D:2 ?

Annotations:
Lair:3 exclusion: 3 oklob plants


Innate Abilities, Weirdness & Mutations

You have a pair of horns on your head.
You reflexively headbutt those who attack you in melee.


Message History

Unknown command.
You slice the yak!! You headbutt the yak!
You kill the yak!
Trog accepts your kill. The fire crab breathes flames at you.
The blast of flame engulfs you but does no damage.
Unknown command.
You are engulfed in blazing flames.
The fire crab breathes flames at you.
The blast of flame engulfs you but does no damage.
Things that are here:
a yak corpse; a yak corpse You slash the fire crab!
You headbutt the fire crab, but do no damage.
The fire crab is moderately wounded.
You are engulfed in blazing flames.
The fire crab bites you.
You are engulfed in flames!
The fire crab claws you!
* * * LOW HITPOINT WARNING * * *
You are engulfed in flames!
* * * LOW HITPOINT WARNING * * *
You slash the fire crab!
The fire crab is heavily wounded.
The fire crab bites you but does no damage.
You block the fire crab's attack.
Unknown command.
You slash the fire crab!
The fire crab is severely wounded.
The fire crab breathes flames at you. The blast of flame engulfs you.
* * * LOW HITPOINT WARNING * * *
You block the fire crab's attack.
The fire crab claws you but does no damage.
You barely miss the fire crab. Your headbutt misses the fire crab.
The fire crab is severely wounded.
You hit the rime drake.
You are engulfed in blazing flames.
* * * LOW HITPOINT WARNING * * *
The rime drake is engulfed in blazing flames.
The rime drake breathes ice at you. The icy flash freeze hits you!
You die...

.. P....P. .#
#P. ##.....###.#
#.##......PP.#.
.#..#...........
...PP...........
................
......t°k.......
......°@°.......
......°°°..#P###
..####.....#
#..#....#
P...#.....#
...........#
..........##
......#...#
..P###....P


You could see a fire crab and a rime drake (catching breath).

Vanquished Creatures
  A rockslime (Lair:4)
  2 hydras
  2 two-headed ogres
  Nergalle (Lair:3)
  Sonja (Lair:1)
  2 harpies (Lair:2)
  8 elephants
  2 black mambas (Lair:2)
  7 cane toads
  A kobold demonologist (D:7)
  A rime drake (Lair:1)
  7 komodo dragons
  A polar bear (Lair:3)
  9 blink frogs
  2 jumping spiders (Lair:2)
  3 culicivoras (Lair:2)
  A wyvern (Lair:2)
  31 yaks
  5 basilisks
  3 steam dragons
  A redback (Lair:2)
  9 water moccasins
  An orc warrior (D:8)
  A black bear (D:6)
  4 ice beasts
  3 ogres
  16 wolves
  2 phantoms
  3 centaurs
  A kobold brigand (D:5)
  8 bullfrogs
  3 scorpions
  3 water moccasin zombies (Ossuary)
  7 wights (D:8)
  5 killer bees (D:7)
  A howler monkey (D:8)
  2 hounds (D:6)
  2 jellies
  3 orc priests
  A gnoll bouda (D:4)
  2 orc wizards
  3 iguanas
  3 mummies
  9 gnolls
  7 adders
  2 shadow imps
  An ufetubus (D:5)
  4 adder zombies (Ossuary)
  5 dart slugs
  15 orcs
  2 ball pythons
  6 endoplasms
  2 giant cockroaches
  5 goblins
  11 hobgoblins
  18 kobolds
  3 quokkas
  A bat (D:3)
  3 frilled lizards
  4 gnoll zombies (Ossuary)
  A goblin zombie (D:8)
  8 hobgoblin zombies
  4 kobold zombies (Ossuary)
  9 orc zombies (Ossuary)
  9 rats
303 creatures vanquished.

Vanquished Creatures (collateral kills)
  Amaemon (Lair:2)
  An orange demon (Lair:2)
  A water moccasin (Lair:2)
  A bullfrog (Lair:2)
4 creatures vanquished.

Grand Total: 307 creatures vanquished

Notes
Turn   | Place    | Note
-------+----------+-------------------------------------------
     0 | D:1      | howech the Minotaur Berserker began the quest for the Orb.
     0 | D:1      | Reached XP level 1. HP: 19/19 MP: 0/0
   217 | D:1      | Reached XP level 2. HP: 23/27 MP: 1/1
   434 | D:1      | Reached skill level 4 in Axes
   803 | D:2      | Found a faded altar of an unknown god.
   906 | D:2      | Identified the +6 whip "Cudeatti" {drain, Int+3 SInv}
   923 | D:2      | Reached XP level 3. HP: 33/33 MP: 2/2
  1397 | D:2      | Identified the +5 dagger of Destiny {venom, Str+4 Int+3}
  1582 | D:2      | Found Ylleur's Magic Scroll Shop.
  1589 | D:2      | Bought a scroll of identify for 22 gold pieces
  1589 | D:2      | Bought a scroll of identify for 22 gold pieces
  1686 | D:2      | Reached ** piety under Trog
  2400 | D:3      | Reached skill level 1 in Throwing
  2467 | D:3      | Reached skill level 1 in Shields
  2548 | D:3      | Reached XP level 4. HP: 34/40 MP: 3/3
  2620 | D:3      | Reached skill level 1 in Evocations
  2829 | D:4      | Found a staircase to the Ecumenical Temple.
  2834 | Temple   | Entered the Ecumenical Temple
  3031 | D:4      | Noticed an ogre
  3045 | D:4      | Killed an ogre
  3046 | D:4      | Reached skill level 1 in Maces & Flails
  3046 | D:4      | Reached skill level 1 in Polearms
  3046 | D:4      | Reached XP level 5. HP: 46/46 MP: 4/4
  3320 | D:4      | Noticed a phantom
  3339 | D:4      | Killed a phantom
  3340 | D:4      | Reached skill level 5 in Axes
  3340 | D:4      | Reached XP level 6. HP: 52/52 MP: 5/5
  4084 | D:5      | Entered Level 5 of the Dungeon
  4193 | D:5      | Reached *** piety under Trog
  4200 | D:5      | Noticed an ice beast
  4203 | D:5      | Killed an ice beast
  4204 | D:5      | Reached XP level 7. HP: 60/60 MP: 6/6
  4228 | D:4      | HP: 3/60 [poisoned by a kobold brigand (curare-tipped
                  | dart)]
  4229 | D:4      | HP: 1/60 [poisoned by a kobold brigand (curare-tipped
                  | dart)]
  4838 | D:5      | Reached skill level 6 in Axes
  5023 | D:5      | Found a sparkling altar of Nemelex Xobeh.
  5256 | D:6      | Reached skill level 5 in Fighting
  5256 | D:6      | Reached XP level 8. HP: 64/68 MP: 7/7
  5885 | D:6      | Noticed a two-headed ogre
  5905 | D:6      | Killed a two-headed ogre
  5906 | D:6      | Reached skill level 7 in Axes
  5906 | D:6      | Reached XP level 9. HP: 74/74 MP: 8/8
  5936 | D:6      | Found an ornate altar of the Wu Jian Council.
  6056 | D:7      | Noticed a kobold demonologist
  6062 | D:7      | Killed a kobold demonologist
  6063 | D:7      | Reached skill level 5 in Throwing
  6070 | D:7      | Reached skill level 5 in Armour
  6398 | D:7      | Reached skill level 8 in Axes
  6452 | D:7      | Reached skill level 5 in Dodging
  6731 | D:7      | Reached skill level 5 in Shields
  6896 | D:8      | Found a staircase to the Lair.
  6942 | D:8      | Noticed a two-headed ogre
  6955 | D:8      | Killed a two-headed ogre
  6956 | D:8      | Reached skill level 5 in Maces & Flails
  6956 | D:8      | Reached skill level 5 in Polearms
  6956 | D:8      | Reached XP level 10. HP: 40/84 MP: 9/9
  7053 | D:8      | Found a sand-covered staircase.
  7061 | Ossuary  | Entered an ossuary
  7073 | Ossuary  | Reached **** piety under Trog
  7118 | Ossuary  | Reached skill level 9 in Axes
  7723 | D:8      | Found a stormy altar of Qazlal.
  8032 | Lair:1   | Entered Level 1 of the Lair of Beasts
  8209 | Lair:1   | Reached skill level 10 in Axes
  8238 | Lair:1   | Reached skill level 5 in Evocations
  8322 | Lair:1   | Noticed a cane toad
  8326 | Lair:1   | Killed a cane toad
  8354 | Lair:1   | Reached ***** piety under Trog
  8595 | Lair:1   | Noticed a cane toad
  8601 | Lair:1   | Killed a cane toad
  8745 | Lair:1   | Noticed a cane toad
  8748 | Lair:1   | Killed a cane toad
  8756 | Lair:1   | Reached skill level 11 in Axes
  8756 | Lair:1   | Reached XP level 11. HP: 88/94 MP: 10/10
  8819 | Lair:1   | Noticed Sonja
  8832 | Lair:1   | Killed Sonja
  9765 | Lair:2   | Noticed Amaemon
  9776 | Lair:2   | Killed Amaemon
  9777 | Lair:2   | Reached skill level 12 in Axes
  9819 | Lair:2   | Noticed a harpy
  9819 | Lair:2   | Noticed a harpy
  9820 | Lair:2   | Found a staircase to the Shoals.
  9827 | Lair:2   | Killed a harpy
  9847 | Lair:2   | Killed a harpy
 10229 | Lair:2   | Reached XP level 12. HP: 90/104 MP: 11/11
 10268 | Lair:2   | Found a hole to the Spider Nest.
 11239 | Lair:3   | Received a gift from Trog
 11516 | Lair:3   | Noticed Nergalle
 11518 | Lair:3   | Noticed a four-headed hydra
 11532 | Lair:3   | Killed a one-headed hydra
 11533 | Lair:3   | Reached skill level 13 in Axes
 11534 | Lair:3   | Killed Nergalle
 12531 | Lair:4   | Reached skill level 10 in Fighting
 13010 | Lair:4   | Found a staircase to the Slime Pits.
 13254 | Lair:4   | Reached skill level 14 in Axes
 13795 | Slime:1  | Entered Level 1 of the Pits of Slime
 13795 | Slime:1  | Noticed a great orb of eyes
 13795 | Slime:1  | Noticed a rockslime
 13802 | Lair:4   | Killed a rockslime
 13935 | Lair:5   | Entered Level 5 of the Lair of Beasts
 13935 | Lair:5   | Noticed a six-headed hydra
 13945 | Lair:5   | Killed a three-headed hydra
 13946 | Lair:5   | Reached XP level 13. HP: 74/114 MP: 12/12
 13960 | Lair:5   | HP: 1/114 [fire crab] (14)]
 13960 | Lair:5   | Killed from afar by a rime drake

Illustrated notes

Levels and vault maps discovered:
D:1:      ebering_trefoil_twist, layout_basic
D:2:      minmay_spotlight, layout_basic,
          shapermc_ecumenical_altar_totnotflames, serial_co_window_serial,
          co_window_paths_a, co_window_corner_a, co_window_paths_a,
          co_window_paths_b, co_window_cross_1, co_window_unsneaky_path_d,
          co_window_broadway_c, co_window_broadway_a, co_window_unsneaky_path_c,
          co_window_paths_d, co_window_paths_e, glass_columns_a,
          glass_columns_b, glass_columns_a, glass_columns_c, serial_shops,
          nicolae_square_shop, kennysheep_nub, grunt_ministairs_9,
          corner_web_ring
D:3:      layout_basic
D:4:      layout_layer_cave, temple_doors_ab
D:5:      layout_cave_pools, nemelex_diamond_rough_becter, nrook_campfire,
          nicolae_kite_square_tiling_tiny
D:6:      layout_loops_ring, lemuel_coloured_pillars_altar
D:7:      layout_loops_ring, roderic_lattice_a, kennysheep_generic_room_6
D:8:      layout_loops_ring, nicolae_qazlal_eye_of_the_storm, lair_entry_dummy,
          nicolae_ossuary_entry_giza
Temple:   nicolae_temple_no_exploring_needed
Lair:1:   layout_chaotic_city, uniq_sonja
Lair:2:   layout_regular_city, nicolae_shoals_entry_roost,
          nicolae_spider_entry_tight_spaces, grunt_megastairs_2, uniq_amaemon
Lair:3:   layout_long_grid, dpeg_oklob_1, uniq_nergalle
Lair:4:   layout_regular_city, slime_entry_1
Lair:5:   wormcave, layout_regular_city, guppyfry_lair_end_dragon,
          chequers_serial_rivers_micro_c
Slime:1:  layout_caves

Skill      XL: |  1  2  3  4  5  6  7  8  9 10 11 12 |
---------------+-------------------------------------+-----
Axes           | 4 5 6 7 8 11 12 14 | 14.2
Throwing       | 1 2 3 4 5 |  5.0
Shields        | 1 2 3 4 5 6 8 |  8.1
Evocations     | 1 2 3 4 5 6 |  6.9
Fighting       | 4 5 6 8 9 10 | 10.3
Maces & Flails | 1 2 4 5 7 8 |  8.7
Polearms       | 1 2 3 5 6 7 |  7.2
Armour         | 3 4 5 6 8 |  8.0
Dodging        | 3 4 5 6 7 |  7.6

Action                     |  1- 3 |  4- 6 |  7- 9 | 10-12 | 13-15 || total
---------------------------+-------+-------+-------+-------+-------++-------
  Melee: Hand axe          |    44 |       |       |       |       ||    44
         Headbutt          |     8 |    12 |    26 |   134 |     3 ||   183
         Whip              |    35 |    75 |   152 |   426 |       ||   688
         Broad axe         |       |       |       |    92 |    13 ||   105
  Throw: Dart              |       |     5 |    10 |     4 |       ||    19
         Stone             |       |     1 |       |       |       ||     1
         Javelin           |       |       |       |    14 |       ||    14
 Invoke: Trog's Hand       |       |       |     3 |     4 |       ||     7
         Berserk           |       |       |     2 |     1 |       ||     3
         Brothers in Arms  |       |       |       |     1 |       ||     1
  Evoke: Wand              |       |       |       |     6 |       ||     6
    Use: Scroll            |     7 |     2 |     1 |     3 |       ||    13
         Potion            |       |       |     1 |       |       ||     1
   Stab: Sleeping          |     1 |       |       |       |       ||     1
 Armour: Animal skin       |     2 |       |       |       |       ||     2
         Ring mail         |    19 |       |       |       |       ||    19
         Plate armour      |     6 |    51 |    93 |   212 |     8 ||   370
  Dodge: Dodged            |    37 |    19 |    56 |   140 |     6 ||   258
  Block: Buckler           |     7 |     9 |    20 |    74 |     2 ||   112
